 Dungeon Crawl Stone Soup version 0.29.1-1-gd02db6906a (webtiles) character file.

Game seed: 2664727859058166589

1180 groovy9 the Skirmisher (level 8, -18/56 HPs)
             Began as a Formicid Hunter on Sept 18, 2022.
             Demolished by an ogre
             ... wielding a +0 giant spiked club
              (35 damage)
             ... on level 4 of the Dungeon.
             The game lasted 00:18:18 (5113 turns).

groovy9 the Skirmisher (Formicid Hunter)            Turns: 5113, Time: 00:18:18

Health: -18/56     AC:  6    Str: 13    XL:     8   Next: 69%
Magic:  10/17      EV: 11    Int: 15    God:
Gold:   26         SH:  0    Dex: 19    Spells: 7/7 levels left

rFire   + + +      SeeInvis +   a - +0 shortbow
rCold   . . .      Faith    .   c - orb {light}
rNeg    . . .      Spirit   .   t - +0 ring mail "Heseugh" {+Blink rF+++ MP+9 Str-3}
rPois   .          Reflect  .   (helmet unavailable)
rElec   .          Harm     .   i - scarf {+Inv}
rCorr   .          Rampage  .   p - +0 pair of gloves
Will    .....                   (no boots)
Stlth   +.........              (no amulet)
HPRegen 0.18/turn               h - +6 ring of intelligence
MPRegen 0.15/turn               (no ring)

@: glowing
A: permanent stasis, dig shafts and tunnels, antennae 3, four strong arms
a: Dig, Shaft Self, Evoke Invisibility


You were on level 4 of the Dungeon.
You visited 1 branch of the dungeon, and saw 5 of its levels.

You collected 314 gold pieces.
You spent 288 gold pieces at shops.

Inventory:

Hand Weapons
 a - a +0 shortbow (weapon)
 b - a +0 dagger
Missiles
 o - 8 poisoned darts
Armour
 c - an orb of light (worn)
 i - a scarf of invisibility (worn)
 p - a +0 pair of gloves (worn)
 t - the +0 ring mail "Heseugh" (worn) {+Blink rF+++ MP+9 Str-3}
   (You bought it in a shop on level 3 of the Dungeon)

   Str:       It affects your strength (-3).
   rF:        It renders you almost immune to fire.
   MP:        It affects your magic capacity (+9).
   +Blink:    It lets you blink.
Jewellery
 h - a +6 ring of intelligence (left hand)
Wands
 v - a wand of charming (6)
Scrolls
 e - 2 scrolls of teleportation {unknown}
 f - a scroll of magic mapping {unknown}
 k - 3 scrolls of enchant armour
 m - a scroll of amnesia {unknown}
 n - a scroll of immolation
 r - 2 scrolls of noise {unknown}
 u - a scroll of enchant weapon {unknown}
Potions
 d - a potion of attraction
 g - a potion of brilliance
 l - a potion of curing
 q - 3 potions of flight
 s - a potion of degeneration {unknown}


   Skills:
 - Level 2.1 Fighting
 + Level 8.6 Ranged Weapons
 - Level 1.7 Dodging
 - Level 1.2 Stealth
 + Level 6.6 Evocations


You had 7 spell levels left.
You didn't know any spells.
Your spell library contained the following spells:

 Spells                   Type           Power      Damage    Failure   Level
 Conjure Flame            Conj/Fire      0%         6-21      87%         3
 Ignite Poison            Fire/Tmut/Pois 0%         N/A       87%         3
 Ozocubu's Armour         Ice            0%         N/A       87%         3
 Portal Projectile        Hex/Tloc       0%         N/A       87%         3
 Tukima's Dance           Hex            0%         N/A       87%         3
 Sticky Flame             Conj/Fire      0%         2d3       99%         4
 Blade Hands              Tmut           0%         N/A       100%        5
 Ozocubu's Refrigeration  Ice            0%         4d7       100%        7


Dungeon Overview and Level Annotations

Branches:
Dungeon (5/15)
 Temple: D:4-7

Altars:

Shops:
D:3 *((*

Annotations:
D:3 1 runed translucent door, safid's ghost, amateur MiHu


Innate Abilities, Weirdness & Mutations

You cannot be hasted, slowed, berserked, paralysed or teleported.
You can dig through walls and to a lower floor.
You have a pair of large antennae on your head. (SInv)
Your four strong arms can wield two-handed weapons with a shield.


Message History

The adder bites you but does no damage. The ogre completely misses you.
Fire: a) +0 shortbow
Press: ? - help, Q - select action, (/) - cycle Shift-Dir - straight line, f - adder
Aim: an adder (grey smoke, haloed, 66% to hit)
You shoot an arrow. The arrow barely misses the adder.
The adder bites you but does no damage. x2
Fire: a) +0 shortbow
Press: ? - help, Q - select action, (/) - cycle Shift-Dir - straight line, f/p - adder
Aim: an adder (grey smoke, haloed, 66% to hit)
You shoot an arrow. The arrow hits the adder!
The adder is severely wounded.
The adder bites you but does no damage.
The ogre hits you with a +0 giant spiked club.
* * * LOW HITPOINT WARNING * * *
Fire: a) +0 shortbow
Press: ? - help, Q - select action, (/) - cycle Shift-Dir - straight line, f/p - adder
Aim: an adder (grey smoke, severely wounded, haloed, 66% to hit)
You shoot an arrow. The arrow hits the adder!
You kill the adder!
You feel less wooden.
Your scarf of invisibility unmelds from your body.
Your +0 pair of gloves unmelds from your body.
The +0 ring mail "Heseugh" {+Blink rF+++ MP+9 Str-3} unmelds from your body.
You become transparent for a moment.
The ogre barely misses you.
You climb upwards.
There is a stone staircase leading down here.
Okay, then.
Okay, then.
As you read the scroll of fog, it crumbles to dust.
The scroll dissolves into smoke.
The ogre completely misses you. The ogre barely misses you.
The ogre attacks as you move away! The ogre closely misses you.
Fire: a) +0 shortbow
Press: ? - help, Q - select action, (/) - cycle Shift-Dir - straight line, f - ogre
Aim: an ogre, wielding a +0 giant spiked club (black smoke, haloed, 94% to hit)
You shoot an arrow. The arrow hits the ogre.
The ogre is lightly wounded.
The ogre hits you with a +0 giant spiked club!!
Ouch! That really hurt!
You die...

#.<.............##
#.####..#####.†... #.#
#..# #...## #.#
#..#####...# #.#
##..#.......# #.#
#...#.###.#.# #.# #..##.#
#.#.# ######.#
#..##.###.#.# ##§..##@#
#.........#.#
##§§§§§#O####..###...#.#
#§§§§§§.§......# #...#.##
#§§§§§§§.......###..##...
#§§§§§§§#####.......##.##
##§.§§§## #.#####.#.#.#
##...## #.# #..###. ##.##
#.# #.## ## #.#
#.#####..###.


You could see an ogre.

Vanquished Creatures
  Grinder (D:4)
  Sigmund (D:5)
  Menkaure (D:4)
  2 ogres
  A scorpion (D:3)
  A howler monkey (D:5)
  2 hounds
  2 iguanas
  Natasha (thrice) (D:4)
  7 gnolls
  9 adders
  An ufetubus (D:5)
  2 worms
  2 dart slugs
  4 orcs (D:4)
  3 ball pythons
  9 bats
  11 endoplasms
  4 giant cockroaches
  13 hobgoblins
  7 jackals (D:3)
  6 kobolds
  3 quokkas
  4 frilled lizards
  8 goblins
  9 rats
116 creatures vanquished.

Vanquished Creatures (others)
  5 plants (D:3)
5 creatures vanquished.

Grand Total: 121 creatures vanquished

Notes
Turn   | Place    | Note
-------+----------+-------------------------------------------
     0 | D:1      | groovy9 the Formicid Hunter began the quest for the Orb.
     0 | D:1      | Reached XP level 1. HP: 16/16 MP: 1/1
   164 | D:1      | Reached XP level 2. HP: 22/22 MP: 2/2
   288 | D:1      | Reached XP level 3. HP: 27/27 MP: 3/3
   813 | D:2      | Reached skill level 5 in Ranged Weapons
  1315 | D:2      | Found a faded altar of an unknown god.
  1316 | D:2      | Noticed a shining eye
  1318 | D:2      | Reached skill level 1 in Evocations
  1319 | D:2      | Reached XP level 4. HP: 33/33 MP: 4/4
  1324 | D:2      | Noticed a shining eye
  1330 | D:2      | Noticed a shining eye
  1330 | D:2      | Noticed a shining eye
  1488 | D:3      | Found Fomidaaq's Assorted Antiques.
  1511 | D:3      | Noticed a scorpion
  1515 | D:3      | You fall into a shaft and drop 1 floor!
  1889 | D:3      | Reached XP level 5. HP: 29/35 MP: 5/5
  2118 | D:3      | Found Jorid's Antique Weapon Shoppe.
  2147 | D:3      | Found a runed translucent door.
  2151 | D:3      | Noticed safid's ghost (amateur MiHu)
  2169 | D:3      | Found Geyd's Assorted Antiques.
  2198 | D:3      | Reached skill level 6 in Ranged Weapons
  2230 | D:3      | Reached XP level 6. HP: 29/44 MP: 6/6
  2494 | D:3      | Found Sofoes's Weapon Boutique.
  3264 | D:3      | Bought a fine ring mail for 216 gold pieces
  3264 | D:3      | Identified the +0 ring mail "Heseugh" {+Blink rF+++ MP+9
                  | Str-3} (You bought it in a shop on level 3 of the Dungeon)
  3470 | D:4      | Noticed Natasha
  3478 | D:4      | Killed Natasha
  3583 | D:4      | Noticed Menkaure
  3589 | D:4      | Killed Menkaure
  3589 | D:4      | Noticed an ogre
  3590 | D:4      | Reached XP level 7. HP: 50/50 MP: 7/7
  3598 | D:4      | Reached skill level 7 in Ranged Weapons
  3954 | D:4      | Noticed Grinder
  3963 | D:4      | Killed Grinder
  3964 | D:4      | Reached skill level 5 in Evocations
  3964 | D:4      | Reached XP level 8. HP: 44/56 MP: 8/8
  4300 | D:4      | Noticed Natasha
  4307 | D:4      | Killed Natasha
  4352 | D:4      | Noticed Natasha
  4356 | D:4      | Killed Natasha
  4597 | D:3      | Bought 3 scrolls labelled GACSOO TICZUE for 72 gold pieces
  4635 | D:5      | Entered Level 5 of the Dungeon
  4635 | D:5      | Noticed Sigmund
  4701 | D:5      | Reached skill level 8 in Ranged Weapons
  5099 | D:5      | Killed Sigmund
  5113 | D:4      | Demolished by an ogre

Illustrated notes

Levels and vault maps discovered:
D:1:      dpeg_arrival_shrine, layout_rooms, minmay_misc_feat_columns,
          minmay_nonomino_d4
D:2:      layout_loops_ring, hellmonk_ecumenical_altar_watching_god
D:3:      minmay_recursive_quarters, layout_loops_ring, serial_shops, shop,
          shop_coins, nicolae_shop_overgrown_old_shop,
          nicolae_shop_bloodbath_and_beyond, gup_sewer_entry_spiral,
          gammafunk_ghost_grave, minmay_misc_feat_encased
D:4:      layout_loops_ring, uniq_natasha, uniq_menkaure, uniq_grinder
D:5:      layout_rooms, minmay_temple_entry_sparse_star, serial_glass,
          glass_columns_a, glass_columns_a, glass_columns_a, glass_columns_a,
          due_unseen_surprise, minmay_strange_pillars,
          hangedman_decor_slide_cut, amcnicky_mini_pool_small,
          minmay_checkerbox, uniq_edmund, uniq_sigmund

Skill      XL: |  1  2  3  4  5  6  7  8 |
---------------+-------------------------+-----
Ranged Weapons | 5 6 7 8 |  8.6
Evocations     | 1 2 3 5 6 |  6.6
Fighting       | |  2.1
Dodging        | |  1.7
Stealth        | |  1.2

Action                   |  1- 3 |  4- 6 |  7- 9 || total
-------------------------+-------+-------+-------++-------
 Fire: Shortbow          |    63 |   203 |   115 ||   381
 Abil: Dig               |     2 |     4 |       ||     6
       Shaft Self        |       |     1 |       ||     1
  Use: Scroll            |     5 |     4 |     4 ||    13
       Potion            |       |     3 |     4 ||     7
Armor: Leather armour    |    11 |    31 |       ||    42
       Skin              |       |     2 |    23 ||    25
       Ring mail         |       |       |    16 ||    16
Dodge: Dodged            |     9 |    75 |    44 ||   128
